 Dungeon Crawl Stone Soup version 0.29.1-2-gbd0b4ee654 (webtiles) character file.

Game seed: 5839356216633681380

360 RKaid the Skirmisher (level 6, -1/36 HPs)
             Began as a Deep Elf Hunter on Oct 30, 2022.
             Slain by an orc warrior
             ... wielding a +0 scimitar
              (18 damage)
             ... on level 4 of the Dungeon.
             The game lasted 00:12:41 (4841 turns).

RKaid the Skirmisher (Deep Elf Hunter)              Turns: 4841, Time: 00:12:42

Health: -1/36      AC:  5    Str:  8    XL:     6   Next: 38%
Magic:  8/8        EV: 16    Int: 14    God:
Gold:   355        SH:  5    Dex: 20    Spells: 5/5 levels left

rFire   . . .      SeeInvis +   a - +0 shortbow
rCold   . . .      Faith    .   (shield currently unavailable)
rNeg    . . .      Spirit   .   c - +0 leather armour
rPois   .          Reflect  +   x - +0 helmet
rElec   .          Harm     .   (no cloak)
rCorr   .          Rampage  .   (no gloves)
Will    .....                   q - +0 pair of boots
Stlth   ++........              s - amulet of reflection
HPRegen 0.12/turn               e - +4 ring of evasion
MPRegen 0.11/turn               d - ring of see invisible

@: about to teleport
A: no striking features
a: no special abilities


You were on level 4 of the Dungeon.
You visited 1 branch of the dungeon, and saw 4 of its levels.

You collected 355 gold pieces.

Inventory:

Hand Weapons
 a - a +0 shortbow (weapon)
 b - a +2 whip of venom
Armour
 c - a +0 leather armour (worn)
 q - a +0 pair of boots (worn)
 x - a +0 helmet (worn)
Jewellery
 d - a ring of see invisible (right hand)
 e - a +4 ring of evasion (left hand)
 s - an amulet of reflection (around neck)
 v - an amulet of guardian spirit
Scrolls
 g - a scroll of blinking {unknown}
 j - a scroll of immolation
 k - 2 scrolls of teleportation
 l - a scroll of magic mapping {unknown}
 m - a scroll of amnesia
 o - a scroll of vulnerability {unknown}
 p - a scroll of summoning {unknown}
 r - a scroll of enchant weapon {unknown}
 t - 2 scrolls of noise
 y - a scroll of fear {unknown}
Potions
 f - a potion of mutation
 h - a potion of lignification {unknown}
 i - a potion of degeneration {unknown}
 n - a potion of flight {unknown}
 u - a potion of haste {unknown}
 w - a potion of berserk rage {unknown}
 z - 2 potions of cancellation


   Skills:
 + Level 2.9 Fighting
 + Level 8.4 Ranged Weapons
 + Level 1.8 Armour
 + Level 2.9 Dodging
 - Level 1.2 Stealth
 + Level 0.3 Shields


You had 5 spell levels left.
You didn't know any spells.
Your spell library contained the following spells:

 Spells                   Type           Power      Damage    Failure   Level
 Inner Flame              Hex/Fire       0%         N/A       77%         3
 Cause Fear               Hex            0%         N/A       99%         4
 Discord                  Hex            0%         N/A       100%        8


Dungeon Overview and Level Annotations

Branches:
Dungeon (4/15)
 Temple: D:4-7

Altars:
Ru
Uskayaw
Xom
Yredelemnul


Message History

No target in view!
You start resting.
HP restored.
Things that are here:
a +0 dagger; a +0 robe
Items here: ( )) [ ††.
There is an open door here.
You open the door. You open the door.
There is an open door here.
There is an open door here.
You see here a +0 dagger.
There is an open door here.
There is an open door here.
The orc warrior shouts!
You shoot an arrow.
The arrow closely misses the orc warrior.
You hear a shout! x2
You shoot an arrow.
The arrow hits the orc warrior but does no damage.
You shoot an arrow. The arrow hits the orc warrior!
The orc warrior is moderately wounded.
An orc priest comes into view. It is wielding a +0 dagger.
An orc comes into view. It is wielding a +0 hand axe.
You shoot an arrow. The arrow hits the orc warrior.
The orc warrior is moderately wounded.
The orc warrior attacks as you move away!
The orc warrior closely misses you.
The orc warrior attacks as you move away!
The orc warrior hits you with a +0 scimitar!!
Ouch! That really hurt!
The orc warrior attacks as you move away!
The orc warrior barely misses you.
As you read the scroll of teleportation, it crumbles to dust.
You feel strangely unstable.
The orc priest calls upon Beogh to heal the orc warrior.
The orc warrior is healed somewhat.
The orc warrior hits you with a +0 scimitar!!
Ouch! That really hurt!
You die...

.......'............#....#.#.####
##.....#########.###)............
#.....# #........##.....(#.#.
#.....# #........#)....##.P##
##.....# #........##....#_...#
.#.....# ####.#.....##.#.P...#
.#.....# #.#.........#_.⌠.'
.#.....# #.#.....##.##...[#
.#.....# #@###'#######_...#
.#.....###### #o# #.########.P##
.#######....# ##.# #.#......####
.#######....###o.###.##.####.###
.......+........o...[.#.##.#.#.#
...#####....###.#######.#......#
.#...# #....###.#######.##.#.#.#
.###.# #.....................#.#
.# #.#####'###.########.###.##.#


You could see an orc warrior, an orc priest and an orc.

Vanquished Creatures
  A necrophage (D:4)
  3 orc wizards
  Robin (D:3)
  6 adders
  3 gnolls (D:2)
  3 worms
  2 dart slugs
  11 orcs
  13 ball pythons
  9 endoplasms
  5 giant cockroaches
  20 goblins
  6 hobgoblins
  3 jackals (D:3)
  6 kobolds
  A quokka (D:2)
  9 bats
  2 frilled lizards
  5 rats
109 creatures vanquished.

Vanquished Creatures (others)
  12 plants (D:3)
12 creatures vanquished.

Grand Total: 121 creatures vanquished

Notes
Turn   | Place    | Note
-------+----------+-------------------------------------------
     0 | D:1      | RKaid the Deep Elf Hunter began the quest for the Orb.
     0 | D:1      | Reached XP level 1. HP: 12/12 MP: 3/3
   251 | D:1      | Reached XP level 2. HP: 17/17 MP: 4/4
   257 | D:1      | Reached skill level 6 in Ranged Weapons
   819 | D:1      | Reached XP level 3. HP: 21/21 MP: 5/5
  1447 | D:2      | Found a shimmering altar of Xom.
  1502 | D:2      | Reached skill level 7 in Ranged Weapons
  1502 | D:2      | Reached XP level 4. HP: 26/26 MP: 6/6
  1909 | D:2      | Found a faded altar of an unknown god.
  2416 | D:3      | Reached skill level 1 in Armour
  2541 | D:3      | Reached XP level 5. HP: 24/31 MP: 7/7
  2730 | D:3      | Noticed Robin
  2746 | D:3      | Killed Robin
  3737 | D:4      | Found a sacrificial altar of Ru.
  3737 | D:4      | Found a basalt altar of Yredelemnul.
  3739 | D:4      | Found a hide-covered altar of Uskayaw.
  3870 | D:4      | Noticed an orc warrior
  4064 | D:4      | Reached skill level 8 in Ranged Weapons
  4064 | D:4      | Reached XP level 6. HP: 27/36 MP: 8/8
  4841 | D:4      | Slain by an orc warrior

Illustrated notes

Levels and vault maps discovered:
D:1:      sevenhm_arrival_forest_fort_small_3, layout_loops_ring,
          minmay_tromino_v4_a
D:2:      layout_basic, basic_altar, nicolae_ecumenical_pavilion,
          kennysheep_generic_room_4
D:3:      kennysheep_goblin_castle, layout_loops_ring, serial_bayou_lagoon_b
D:4:      layout_basic, gammafunk_temple_overflow_forgotten,
          hangedman_minor_gate_pass

Skill      XL: |  1  2  3  4  5 |
---------------+----------------+-----
Ranged Weapons | 6 7 8 |  8.4
Fighting       | 2 |  2.9
Armour         | 1 |  1.8
Dodging        | |  2.9
Stealth        | |  1.2
Shields        | |  0.3

Action                   |  1- 3 |  4- 6 || total
-------------------------+-------+-------++-------
 Fire: Shortbow          |    93 |   197 ||   290
  Use: Scroll            |       |     6 ||     6
Armor: Leather armour    |     3 |    17 ||    20
Dodge: Dodged            |    12 |    74 ||    86
Block: Other             |       |    13 ||    13
       Reflection        |       |     1 ||     1
